TOP OF THE 1ST |
Saskatoon Smokin' Guns batting - Pitching for Eau Claire Esquires : RHP José Abacil
|
Pitching: RHP José Abacil
|
|
Batting: LHB Andrew Veeck
|
0-0: Ball 1-0: Foul Ball, location: 2F 1-1: SINGLE (Line Drive, 6MD)
|
Batting: RHB Eric Neal
|
0-0: Ball 1-0: Called Strike Andrew Veeck steals 2nd base 1-1: Ball 2-1: Ball 3-1: Ground out 6-3 (Groundball, 6)
|
Batting: LHB Russell Peck
|
0-0: Swinging Strike 0-1: Called Strike 0-2: Foul Ball, location: 2F 0-2: Ball 1-2: SINGLE (Flyball, 89S) Andrew Veeck to third
|
Batting: LHB Del Kennedy
|
0-0: Ball 1-0: Called Strike 1-1: Fly out, F7 (Flyball, 7M) Runner from 3rd tags up, SCORES, no throw
|
Batting: RHB António Yánez
|
0-0: Foul Ball, location: 2F 0-1: Foul Ball, location: 2F 0-2: Ball Russell Peck is caught stealing 2nd base
|
Top of the 1st over - 1 run(s), 2 hit(s), 0 error(s), 0 left on base; Saskatoon 1 - Eau Claire 0 |
BOTTOM OF THE 1ST |
Eau Claire Esquires batting - Pitching for Saskatoon Smokin' Guns : RHP Bernardo Romero
|
Pitching: RHP Bernardo Romero
|
|
Batting: RHB Tony Quinn
|
0-0: Ball 1-0: Foul Ball, location: 2F 1-1: Swinging Strike 1-2: Strikes out swinging
|
Batting: RHB Carlos Rea
|
0-0: Ground out 1-3 (Groundball, 13)
|
Batting: LHB Dave Gray
|
0-0: Swinging Strike 0-1: Called Strike 0-2: Ball 1-2: Ball 2-2: Foul Ball, location: 2F 2-2: Strikes out swinging
|
Bottom of the 1st over - 0 run(s), 0 hit(s), 0 error(s), 0 left on base; Saskatoon 1 - Eau Claire 0 |
TOP OF THE 2ND |
Saskatoon Smokin' Guns batting - Pitching for Eau Claire Esquires : RHP José Abacil
|
Batting: RHB António Yánez
|
0-0: Called Strike 0-1: Ball 1-1: Foul Ball, location: 2F 1-2: Ball 2-2: Ground out 3-1 (Groundball, 34)
|
Batting: RHB Pedro Núńez
|
0-0: Swinging Strike 0-1: Foul Ball, location: 2F 0-2: TRIPLE (Flyball, 8LXD)
|
Batting: RHB Kenny Thompson
|
0-0: Ball 1-0: Swinging Strike 1-1: Called Strike 1-2: Ball 2-2: Strikes out swinging
|
Batting: RHB Alvin Hampton
|
0-0: Called Strike 0-1: Ball 1-1: Foul Ball, location: 2F 1-2: Ground out 5-3 (Groundball, 56)
|
Top of the 2nd over - 0 run(s), 1 hit(s), 0 error(s), 1 left on base; Saskatoon 1 - Eau Claire 0 |
BOTTOM OF THE 2ND |
Eau Claire Esquires batting - Pitching for Saskatoon Smokin' Guns : RHP Bernardo Romero
|
Batting: LHB Eric Peterson
|
0-0: Called Strike 0-1: Ball 1-1: Ball 2-1: Ball 3-1: Called Strike 3-2: Foul Ball, location: 2F 3-2: Base on Balls
|
Batting: RHB Miguel Hernández
|
0-0: Called Strike 0-1: Ball 1-1: Swinging Strike 1-2: Strikes out looking
|
Batting: LHB Edwin Ryan
|
0-0: Ball 1-0: Called Strike 1-1: Called Strike 1-2: Fly out, F6 (Popup, 7LS)
|
Batting: RHB Nobuharu Hoshino
|
0-0: Ball 1-0: Ball 2-0: Foul Ball, location: 2F 2-1: Foul Ball, location: 2F 2-2: Ball 3-2: Ground out 5-3 (Groundball, 56S)
|
Bottom of the 2nd over - 0 run(s), 0 hit(s), 0 error(s), 1 left on base; Saskatoon 1 - Eau Claire 0 |
TOP OF THE 3RD |
Saskatoon Smokin' Guns batting - Pitching for Eau Claire Esquires : RHP José Abacil
|
Batting: RHB Jason O'Toole
|
0-0: Fly out, F8 (Flyball, 8LS)
|
Batting: LHB Andrew Veeck
|
0-0: Called Strike 0-1: Foul Ball, location: 2F 0-2: Ball 1-2: Foul Ball, location: 2F 1-2: Strikes out swinging
|
Batting: RHB Eric Neal
|
0-0: Foul Ball, location: 2F 0-1: Called Strike 0-2: Ball 1-2: Foul Ball, location: 2F 1-2: Strikes out looking
|
Top of the 3rd over - 0 run(s), 0 hit(s), 0 error(s), 0 left on base; Saskatoon 1 - Eau Claire 0 |
BOTTOM OF THE 3RD |
Eau Claire Esquires batting - Pitching for Saskatoon Smokin' Guns : RHP Bernardo Romero
|
Batting: LHB Jorge Fernández
|
0-0: Ball 1-0: Called Strike 1-1: SINGLE (Flyball, 8RS)
|
Batting: RHB Seiji Kouno
|
0-0: Called Strike 0-1: Ball 1-1: Foul Ball, location: 2F 1-2: Ball 2-2: Foul Ball, location: 2F 2-2: Strikes out swinging
|
Batting: RHB Tony Quinn
|
0-0: Called Strike Jorge Fernández is caught stealing 2nd base 0-1: Ball 1-1: Foul Ball, location: 2F 1-2: Foul Ball, location: 2F 1-2: Strikes out swinging
|
Bottom of the 3rd over - 0 run(s), 1 hit(s), 0 error(s), 0 left on base; Saskatoon 1 - Eau Claire 0 |
TOP OF THE 4TH |
Saskatoon Smokin' Guns batting - Pitching for Eau Claire Esquires : RHP José Abacil
|
Batting: LHB Russell Peck
|
0-0: Ball 1-0: Ball 2-0: Foul Ball, location: 2F 2-1: Swinging Strike 2-2: Foul Ball, location: 2F 2-2: Ball 3-2: Strikes out looking
|
Batting: LHB Del Kennedy
|
0-0: Called Strike 0-1: Ball 1-1: Ball 2-1: Ball 3-1: Fly out, F5 (Popup, 25F)
|
Batting: RHB António Yánez
|
0-0: Called Strike 0-1: Called Strike 0-2: Ball 1-2: Ball 2-2: Ball 3-2: SINGLE (Line Drive, 4D)
|
Batting: RHB Pedro Núńez
|
0-0: Called Strike 0-1: Foul Ball, location: 2F 0-2: SINGLE (Line Drive, 6D) António Yánez to second
|
Batting: RHB Kenny Thompson
|
0-0: Foul Ball, location: 2F 0-1: Foul Ball, location: 2F 0-2: Ball 1-2: Strikes out looking
|
Top of the 4th over - 0 run(s), 2 hit(s), 0 error(s), 2 left on base; Saskatoon 1 - Eau Claire 0 |
BOTTOM OF THE 4TH |
Eau Claire Esquires batting - Pitching for Saskatoon Smokin' Guns : RHP Bernardo Romero
|
Batting: RHB Carlos Rea
|
0-0: Called Strike 0-1: Ball 1-1: DOUBLE (Flyball, 9D)
|
Batting: LHB Dave Gray
|
0-0: Ball 1-0: Ball 2-0: Called Strike 2-1: Ball 3-1: Swinging Strike 3-2: SINGLE (Line Drive, 78S) Carlos Rea to third
|
Batting: LHB Eric Peterson
|
0-0: Ball 1-0: Ball 2-0: Called Strike 2-1: Swinging Strike 2-2: Grounds out, U3 (Groundball, 3L) Carlos Rea scores
|
Batting: RHB Miguel Hernández
|
0-0: Ball 1-0: Ball 2-0: Called Strike 2-1: Ball 3-1: Base on Balls
|
Batting: LHB Edwin Ryan
|
0-0: SINGLE (Line Drive, 4MD) Dave Gray to third Miguel Hernández to second Runner from 3rd tries for Home, SAFE, throw made home
|
Batting: RHB Nobuharu Hoshino
|
0-0: Ball 1-0: Called Strike 1-1: Foul Ball, location: 2F 1-2: Ball 2-2: SINGLE (Groundball, 6MD) Miguel Hernández to third Edwin Ryan to second Runner from 3rd tries for Home, SAFE, throw made home Edwin Ryan to third Nobuharu Hoshino to second
|
Batting: LHB Jorge Fernández
|
0-0: Called Strike 0-1: Swinging Strike 0-2: Ball 1-2: 3-RUN HOME RUN (Flyball, 9LD), Distance : 325 ft
|
Batting: RHB Seiji Kouno
|
0-0: Ball 1-0: Foul Ball, location: 2F 1-1: Ground out 6-3 (Groundball, 6)
|
Batting: RHB Tony Quinn
|
0-0: Ball 1-0: Fly out, F9 (Line Drive, 9S)
|
Bottom of the 4th over - 6 run(s), 5 hit(s), 0 error(s), 0 left on base; Saskatoon 1 - Eau Claire 6 |
TOP OF THE 5TH |
Saskatoon Smokin' Guns batting - Pitching for Eau Claire Esquires : RHP José Abacil
|
Batting: RHB Alvin Hampton
|
0-0: Ground out 6-3 (Groundball, 6)
|
Batting: RHB Jason O'Toole
|
0-0: Ball 1-0: Ball 2-0: Foul Ball, location: 2F 2-1: Foul Ball, location: 2F 2-2: Ball 3-2: Strikes out looking
|
Batting: LHB Andrew Veeck
|
0-0: Ground out U3 (Groundball, 3)
|
Top of the 5th over - 0 run(s), 0 hit(s), 0 error(s), 0 left on base; Saskatoon 1 - Eau Claire 6 |
BOTTOM OF THE 5TH |
Eau Claire Esquires batting - Pitching for Saskatoon Smokin' Guns : RHP Bernardo Romero
|
Batting: RHB Carlos Rea
|
0-0: Called Strike 0-1: Foul Ball, location: 2F 0-2: Ball 1-2: Ball 2-2: Ball 3-2: Strikes out looking
|
Pitching: LHP Manuel Gil
|
|
Batting: LHB Dave Gray
|
0-0: Ball 1-0: Ball 2-0: Swinging Strike 2-1: Foul Ball, location: 2F 2-2: Strikes out swinging
|
Batting: LHB Eric Peterson
|
0-0: Called Strike 0-1: Ball 1-1: Foul Ball, location: 2F 1-2: Ball 2-2: Ball 3-2: Foul Ball, location: 2F 3-2: Base on Balls
|
Batting: RHB Miguel Hernández
|
0-0: Ball 1-0: Called Strike 1-1: Ball 2-1: Called Strike 2-2: Strikes out swinging
|
Bottom of the 5th over - 0 run(s), 0 hit(s), 0 error(s), 1 left on base; Saskatoon 1 - Eau Claire 6 |
TOP OF THE 6TH |
Saskatoon Smokin' Guns batting - Pitching for Eau Claire Esquires : RHP José Abacil
|
Batting: RHB Eric Neal
|
0-0: Foul Ball, location: 2F 0-1: Ground out 6-3 (Groundball, 6)
|
Batting: LHB Russell Peck
|
0-0: SINGLE (Line Drive, 89S)
|
Batting: LHB Del Kennedy
|
0-0: Ball 1-0: Foul Ball, location: 2F 1-1: Called Strike 1-2: Foul Ball, location: 2F 1-2: Strikes out swinging
|
Pitching: RHP Jeff Lawson
|
|
Batting: RHB António Yánez
|
0-0: Ball 1-0: 2-RUN HOME RUN (Flyball, 7D), Distance : 363 ft
|
Batting: RHB Pedro Núńez
|
0-0: Called Strike 0-1: Ball 1-1: Ball 2-1: Fly out, F7 (Line Drive, 7M)
|
Top of the 6th over - 2 run(s), 2 hit(s), 0 error(s), 0 left on base; Saskatoon 3 - Eau Claire 6 |
BOTTOM OF THE 6TH |
Eau Claire Esquires batting - Pitching for Saskatoon Smokin' Guns : LHP Manuel Gil
|
Batting: LHB Edwin Ryan
|
0-0: Called Strike 0-1: Ball 1-1: Called Strike 1-2: Ball 2-2: Fly out, F9 (Line Drive, 89D)
|
Batting: RHB Nobuharu Hoshino
|
0-0: Foul Ball, location: 2F 0-1: Foul Ball, location: 2F 0-2: Foul Ball, location: 2F 0-2: SOLO HOME RUN (Line Drive, 7D), Distance : 349 ft
|
Batting: LHB Jorge Fernández
|
0-0: Called Strike 0-1: Fly out, F8 (Line Drive, 8LM)
|
Batting: RHB Seiji Kouno
|
0-0: Ball 1-0: Called Strike 1-1: Ground out 6-3 (Groundball, 6M)
|
Bottom of the 6th over - 1 run(s), 1 hit(s), 0 error(s), 0 left on base; Saskatoon 3 - Eau Claire 7 |
TOP OF THE 7TH |
Saskatoon Smokin' Guns batting - Pitching for Eau Claire Esquires : RHP Jeff Lawson
|
Batting: RHB Kenny Thompson
|
0-0: Ground out 6-3 (Groundball, 6M)
|
Batting: RHB Alvin Hampton
|
0-0: Ball 1-0: Ball 2-0: Ball 3-0: Called Strike 3-1: Fly out, F7 (Popup, 78S)
|
Batting: RHB Jason O'Toole
|
0-0: Called Strike 0-1: Fly out, F8 (Flyball, 78S)
|
Top of the 7th over - 0 run(s), 0 hit(s), 0 error(s), 0 left on base; Saskatoon 3 - Eau Claire 7 |
BOTTOM OF THE 7TH |
Eau Claire Esquires batting - Pitching for Saskatoon Smokin' Guns : LHP Manuel Gil
|
Batting: RHB Tony Quinn
|
0-0: Foul Ball, location: 2F 0-1: Fly out, F7 (Flyball, 78M)
|
Pitching: LHP Dawson Sutton
|
|
Batting: RHB Carlos Rea
|
0-0: Ball 1-0: Foul Ball, location: 2F 1-1: Ball 2-1: Foul Ball, location: 2F 2-2: Foul Ball, location: 2F 2-2: Fly out, F8 (Flyball, 8LM)
|
Batting: LHB Dave Gray
|
0-0: SINGLE (Line Drive, 4MD)
|
Batting: LHB Eric Peterson
|
0-0: Ball 1-0: Swinging Strike 1-1: Called Strike 1-2: SINGLE (Groundball, 6MD) Dave Gray to second
|
Batting: RHB Miguel Hernández
|
0-0: Ball 1-0: Called Strike 1-1: Ball 2-1: Fly out, F7 (Flyball, 7D)
|
Bottom of the 7th over - 0 run(s), 2 hit(s), 0 error(s), 2 left on base; Saskatoon 3 - Eau Claire 7 |
TOP OF THE 8TH |
Saskatoon Smokin' Guns batting - Pitching for Eau Claire Esquires : RHP Jeff Lawson
|
Batting: LHB Andrew Veeck
|
0-0: Ball 1-0: Ball 2-0: Called Strike 2-1: Foul Ball, location: 2F 2-2: Ball 3-2: SINGLE (Line Drive, 34D)
|
Batting: RHB Eric Neal
|
0-0: Swinging Strike 0-1: Swinging Strike 0-2: Foul Ball, location: 2F 0-2: Foul Ball, location: 2F 0-2: Strikes out looking
|
Pitching: RHP Jason Elliott
|
|
Batting: LHB Russell Peck
|
0-0: Grounds into double play, 4-6-3 (Groundball, 4)
|
Top of the 8th over - 0 run(s), 1 hit(s), 0 error(s), 0 left on base; Saskatoon 3 - Eau Claire 7 |
BOTTOM OF THE 8TH |
Eau Claire Esquires batting - Pitching for Saskatoon Smokin' Guns : LHP Dawson Sutton
|
Batting: LHB Edwin Ryan
|
0-0: Called Strike 0-1: Fly out, F7 (Flyball, 78M)
|
Batting: RHB Nobuharu Hoshino
|
0-0: Ball 1-0: Called Strike 1-1: Foul Ball, location: 2F 1-2: Strikes out swinging
|
Batting: LHB Jorge Fernández
|
0-0: Ball 1-0: Called Strike 1-1: Foul Ball, location: 2F 1-2: Ball 2-2: Strikes out swinging
|
Bottom of the 8th over - 0 run(s), 0 hit(s), 0 error(s), 0 left on base; Saskatoon 3 - Eau Claire 7 |
TOP OF THE 9TH |
Saskatoon Smokin' Guns batting - Pitching for Eau Claire Esquires : RHP Jason Elliott
|
Batting: LHB Del Kennedy
|
0-0: DOUBLE (Line Drive, 34) - OUT at third base trying to stretch hit.
|
Batting: RHB António Yánez
|
0-0: Swinging Strike 0-1: Foul Ball, location: 2F 0-2: Ball 1-2: Ball 2-2: Foul Ball, location: 2F 2-2: Foul Ball, location: 2F 2-2: Ball 3-2: Foul Ball, location: 2F 3-2: Fly out, F8 (Flyball, 8LM)
|
Batting: RHB Pedro Núńez
|
0-0: Called Strike 0-1: Swinging Strike 0-2: Foul Ball, location: 2F 0-2: DOUBLE (Line Drive, 9D)
|
Batting: RHB Kenny Thompson
|
0-0: Fly out, F9 (Flyball, 89S)
|
Top of the 9th over - 0 run(s), 2 hit(s), 0 error(s), 1 left on base; Saskatoon 3 - Eau Claire 7 |
|